 Dungeon Crawl Stone Soup version 0.31-a0-4-gefa6de2278 (webtiles) character file.

Game seed: 13359374250322782804

256 Adrian566 the Covert (level 6, -6/36 HPs)
             Began as a Kobold Brigand on May 3, 2023.
             Mangled by a gnoll
             ... wielding a +0 halberd
              (11 damage)
             ... on level 4 of the Dungeon.
             The game lasted 00:03:59 (2558 turns).

Adrian566 the Covert (Kobold Brigand)               Turns: 2558, Time: 00:04:00

Health: -6/36      AC:  6    Str:  8    XL:     6   Next: 38%
Magic:  0/6        EV: 14    Int: 12    God:
Gold:   189        SH:  0    Dex: 19    Spells: 5/5 levels left

rFire   . . .        a - +2 dagger
rCold   . . .        (no shield)
rNeg    . . .        b - +0 robe
rPois   .            u - +1 helmet
rElec   .            c - +0 cloak
rCorr   .            (no gloves)
SInv    .            o - +0 pair of boots
Will    .....        k - amulet of guardian spirit
Stlth   +++++        (no ring)
HPRegen 0.26/turn    (no ring)
MPRegen 0.10/turn

%: guardian spirit
@: no status effects
A: small, no large weapons, nightstalker 3
a: no special abilities


You were on level 4 of the Dungeon.
You visited 1 branch of the dungeon, and saw 4 of its levels.

You collected 189 gold pieces.

Inventory:

Hand Weapons
 a - a +2 dagger (weapon)
 m - a +0 short sword
Missiles
 d - 17 poisoned darts (quivered)
 e - 3 curare-tipped darts
Armour
 b - a +0 robe (worn)
 c - a +0 cloak (worn)
 o - a +0 pair of boots (worn)
 u - a +1 helmet (worn)
Jewellery
 k - an amulet of guardian spirit (around neck)
Scrolls
 i - a scroll of identify
 j - a scroll of blinking
 n - a scroll of torment
 q - a scroll of immolation
Potions
 f - 4 potions of curing
 g - a potion of degeneration
 h - a potion of berserk rage
 l - 2 potions of heal wounds {unknown}
 p - a potion of haste {unknown}
 s - a potion of attraction {unknown}
 t - a potion of flight {unknown}


   Skills:
 + Level 2.9 Fighting
 * Level 4.7 Short Blades
 + Level 2.1 Throwing
 + Level 1.8 Dodging
 * Level 8.6 Stealth


You had 5 spell levels left.
You didn't know any spells.
Your spell library was empty.

Dungeon Overview and Level Annotations

Branches:
Dungeon (4/15)
 Temple: D:4-7

Altars:
Gozag
Kikubaaqudgha


Innate Abilities, Weirdness & Mutations

You are small and have problems with some larger weapons.
You are completely attuned to the shadows.


Message History

You are too injured to fight recklessly!
You are too injured to fight recklessly!
You are too injured to fight recklessly!
You are too injured to fight recklessly!
You are too injured to fight recklessly!
You are too injured to fight recklessly!
You are too injured to fight recklessly!
You are too injured to fight recklessly!
You are too injured to fight recklessly!
Unknown command.
You are too injured to fight recklessly!
You hit the gnoll.
The gnoll is almost dead.
The gnoll barely misses you. The gnoll closely misses you.
You closely miss the gnoll.
The gnoll is almost dead.
The gnoll barely misses you. The gnoll completely misses you.
You hit the gnoll.
You kill the gnoll!
You closely miss the gnoll. The gnoll misses you.
You hit the gnoll.
The gnoll is lightly wounded.
The gnoll barely misses you.
An adder comes into view.
You barely miss the gnoll.
The gnoll is lightly wounded.
The gnoll barely misses you.
You hit the gnoll.
The gnoll is heavily wounded.
The gnoll hits you with a +0 halberd!
* * * LOW HITPOINT WARNING * * *
You hit the gnoll.
The gnoll is severely wounded.
You barely miss the gnoll.
The gnoll is severely wounded.
The gnoll misses you.
You closely miss the gnoll.
The gnoll is severely wounded.
The gnoll hits you with a +0 halberd!
You die...

.#. ...# ..........
....##.... ...
........##.....##..P.
............#......P.
.........##)#......S
...###..##..##.)g.##..
.....#......##..@.....
...............)......
.................[..#
..................#.#
..................#..
........#....##
........#...##
##....>......###
...#)..........###


You could see a gnoll and an adder (wandering).

Vanquished Creatures
  2 scorpions
  Robin (D:4)
  3 adders
  3 gnolls (D:4)
  A worm (D:3)
  A dart slug (D:1)
  2 orcs (D:3)
  6 endoplasms
  6 giant cockroaches
  11 hobgoblins
  A quokka (D:1)
  7 ball pythons
  5 bats
  A frilled lizard (D:2)
  11 goblins
  3 kobolds
  4 rats
68 creatures vanquished.

Notes
Turn   | Place    | Note
-------+----------+-------------------------------------------
     0 | D:1      | Adrian566 the Kobold Brigand began the quest for the Orb.
     0 | D:1      | Reached XP level 1. HP: 12/12 MP: 1/1
   102 | D:1      | Reached XP level 2. HP: 11/17 MP: 2/2
   301 | D:1      | Reached skill level 6 in Stealth
   522 | D:2      | Reached XP level 3. HP: 21/21 MP: 3/3
  1248 | D:2      | Reached XP level 4. HP: 27/27 MP: 4/4
  1524 | D:3      | Reached skill level 7 in Stealth
  1542 | D:3      | Noticed a scorpion
  1546 | D:3      | Killed a scorpion
  1547 | D:3      | Reached XP level 5. HP: 31/31 MP: 5/5
  1724 | D:3      | Found an ancient bone altar of Kikubaaqudgha.
  1822 | D:3      | Found an opulent altar of Gozag.
  1949 | D:3      | Noticed Robin
  1956 | D:3      | Reached skill level 8 in Stealth
  2143 | D:4      | Killed Robin
  2473 | D:4      | Reached XP level 6. HP: 36/36 MP: 6/6
  2558 | D:4      | Mangled by a gnoll

Illustrated notes

Levels and vault maps discovered:
D:1:      lightli_arrival_boilingwater, layout_rooms
D:2:      layout_loops_corners
D:3:      layout_rooms, nicolae_kikubaaqudgha_miasma_corner,
          grunt_gozag_breadcrumbs, uniq_robin
D:4:      layout_cave_pools, mainiacjoe_overflow_chevrons

Skill      XL: |  1  2  3  4  5 |
---------------+----------------+-----
Short Blades   | 3 4 |  4.7
Stealth        | 6 7 8 |  8.6
Fighting       | |  2.9
Throwing       | |  2.1
Dodging        | |  1.8

Action                     |  1- 3 |  4- 6 || total
---------------------------+-------+-------++-------
  Melee: Dagger            |    49 |   122 ||   171
         Punch             |       |     1 ||     1
  Throw: Dart              |       |     1 ||     1
    Use: Scroll            |       |     7 ||     7
   Stab: Sleeping          |    24 |    12 ||    36
         Distracted        |       |     1 ||     1
 Armour: Robe              |     4 |    30 ||    34
  Dodge: Dodged            |    15 |   123 ||   138

Table legend: (Time is in decaauts)
 A = Elapsed time spent in this place.
 B = Non-inter-level travel time spent in this place.
 C = Inter-level travel time spent in this place.
 D = Time resting spent in this place.
 E = Time spent auto-exploring this place.
 F = Levels seen in this place.
 G = Mean time per level.
                   A        B        C        D        E       F      G
               +--------+--------+--------+--------+--------+-----+--------+
         Total |   2533 |   2337 |    196 |     61 |   1837 |   4 |  633.2 |
       Dungeon |   2533 |   2337 |    196 |     61 |   1837 |   4 |  633.2 |
               +--------+--------+--------+--------+--------+-----+--------+

Top non-repeatable levels by time:
     D:2: 1121 daAuts
     D:3: 584 daAuts
     D:1: 500 daAuts
     D:4: 326 daAuts
